 Dungeon Crawl Stone Soup version 0.28.0-47-ge53b351184 (webtiles) character file.

Game seed: 5262953758790104537

45 Iusername the Skirmisher (level 3, -1/30 HPs)
             Began as a Human Fighter on Apr 28, 2022.
             Slain by a necrophage (6 damage)
             ... on level 2 of the Dungeon.
             The game lasted 00:02:04 (1485 turns).

Iusername the Skirmisher (Human Fighter)            Turns: 1485, Time: 00:02:05

Health: -1/30      AC:  6    Str: 16    XL:     3   Next: 90%
Magic:  3/3        EV:  8    Int: 10    God:
Gold:   97         SH:  4    Dex: 12    Spells: 2/2 levels left

rFire   . . .      SeeInvis .   a - +0 long sword
rCold   . . .      Faith    .   c - +0 buckler
rNeg    . . .      Spirit   .   b - +0 scale mail
rPois   .          Reflect  .   (no helmet)
rElec   .          Harm     .   (no cloak)
rCorr   .          Rampage  .   (no gloves)
Will    .....                   (no boots)
Stlth   ..........              (no amulet)
HPRegen 0.10/turn               (no ring)
MPRegen 0.08/turn               (no ring)

@: mighty
A: no striking features
a: no special abilities


You were on level 2 of the Dungeon.
You visited 1 branch of the dungeon, and saw 2 of its levels.

You collected 97 gold pieces.

Inventory:

Hand Weapons
 a - a +0 long sword (weapon)
Armour
 b - a +0 scale mail (worn)
 c - a +0 buckler (worn)
Jewellery
 e - a +4 ring of protection
Potions
 f - a potion of curing {unknown}


   Skills:
 + Level 3.7 Fighting
 + Level 2.4 Long Blades
 + Level 3.3 Armour
 + Level 0.2 Dodging
 + Level 3.2 Shields


You had 2 spell levels left.
You didn't know any spells.
Your spell library contained the following spells:

 Spells                   Type           Power      Damage    Failure   Level
 Call Canine Familiar     Summ           0%         N/A       99%         3
 Portal Projectile        Hex/Tloc       0%         N/A       99%         3
 Leda's Liquefaction      Hex/Erth       0%         N/A       100%        4


Dungeon Overview and Level Annotations

Branches:
Dungeon (2/15)

Altars:

Shops:
D:2 (

Annotations:
D:2 Robin


Message History

You block the hobgoblin's attack. Robin hits you but does no damage.
The goblin hits you but does no damage.
Unknown command.
You barely miss Robin.
Robin is almost dead.
You block the goblin's attack. The goblin barely misses you.
The hobgoblin closely misses you. The goblin hits you with a +0 club.
Robin closely misses you. The goblin barely misses you. x2
The hobgoblin closely misses you.
Unknown command.
You hit Robin but do no damage.
Robin is almost dead.
The goblin barely misses you. The goblin closely misses you.
The goblin hits you with a +0 club. The hobgoblin barely misses you.
The goblin closely misses you. Robin hits you but does no damage.
Unknown command.
You are too injured to fight recklessly!
Unknown command.
You are too injured to fight recklessly!
Unknown command.
You are too injured to fight recklessly!
Unknown command.
You are too injured to fight recklessly!
You slash the goblin!
You kill the goblin!
The goblin hits you with a +0 dagger. The hobgoblin hits you.
* * * LOW HITPOINT WARNING * * *
Robin hits you but does no damage. The goblin hits you but does no damage.
The necrophage closely misses you.
You hit the necrophage but do no damage.
You block the goblin's attack.
The hobgoblin hits you but does no damage.
The goblin hits you but does no damage. Robin hits you with a +0 club.
* * * LOW HITPOINT WARNING * * *
You block the necrophage's attack. The goblin barely misses you.
You closely miss the necrophage. The hobgoblin hits you.
* * * LOW HITPOINT WARNING * * *
Robin hits you but does no damage. The goblin hits you but does no damage.
The necrophage hits you.
You die...

..# ... #.# #
#.# # .#
#.#.# ####.#
.##.###g#.#
......
......gngg#
.... #@####
..# #gg..#
..# ####.#
..# #.# #.#
#.# #.# #.#
#.# ######
#.# #.#
.....######.#
#.##
####........#


You could see a necrophage, Robin, 3 hobgoblins and 2 goblins.

Vanquished Creatures
  A dart slug (D:1)
  2 ball pythons
  An endoplasm (D:1)
  2 giant cockroaches (D:1)
  13 goblins
  7 hobgoblins
  A quokka (D:1)
  3 bats
  2 frilled lizards (D:1)
  2 kobolds (D:1)
  2 rats (D:1)
36 creatures vanquished.

Vanquished Creatures (others)
  3 plants (D:1)
3 creatures vanquished.

Grand Total: 39 creatures vanquished

Notes
Turn   | Place    | Note
-------+----------+-------------------------------------------
     0 | D:1      | Iusername the Human Fighter began the quest for the Orb.
     0 | D:1      | Reached XP level 1. HP: 18/18 MP: 1/1
   271 | D:1      | Reached XP level 2. HP: 24/24 MP: 2/2
   323 | D:1      | Found a faded altar of an unknown god.
  1200 | D:2      | Reached XP level 3. HP: 25/29 MP: 3/3
  1326 | D:2      | Found Wil Nergh's Antique Weapon Shoppe.
  1469 | D:2      | Noticed Robin
  1471 | D:2      | Noticed a necrophage
  1485 | D:2      | Slain by a necrophage

Illustrated notes

Levels and vault maps discovered:
D:1:      onia_arrival_mini_maze, layout_loops_ring,
          ebering_ecumenical_altar_rust, serial_shops, nicolae_lakefront_shop,
          serial_bayou_lake_a
D:2:      cheibrodos_greedy_goblins, layout_loops_ring, serial_shops,
          nicolae_lakefront_shop, uniq_robin

Action                   || total
-------------------------++-------
Melee: Long sword        ||    89
  Use: Potion            ||     1
Armor: Scale mail        ||    65
Dodge: Dodged            ||    62
Block: Buckler           ||    23
